 Dungeon Crawl Stone Soup version 0.29.1 (webtiles) character file.

Game seed: 16247551490851350630

777 Marcotte the Conjurer (level 8, 0/56 HPs)
             Began as a Human Conjurer on Sept 14, 2022.
             Was an Initiate of Sif Muna.
             Slain by a black bear (1 damage)
             ... on level 5 of the Dungeon.
             The game lasted 00:26:56 (7677 turns).

Marcotte the Conjurer (Human Conjurer)              Turns: 7677, Time: 00:26:57

Health: 0/56       AC:  2    Str:  8    XL:     8   Next: 10%
Magic:  7/14       EV: 12    Int: 21    God:    Sif Muna [......]
Gold:   320        SH:  0    Dex: 11    Spells: 11/16 levels left

rFire   . . .      SeeInvis +   (no weapon)
rCold   . . .      Faith    .   (no shield)
rNeg    . . .      Spirit   .   a - +0 robe
rPois   .          Reflect  .   (no helmet)
rElec   .          Harm     .   (no cloak)
rCorr   .          Rampage  .   (no gloves)
Will    .....                   (no boots)
Stlth   ++........              (no amulet)
HPRegen 0.18/turn               d - ring of see invisible
MPRegen 0.14/turn               (no ring)

@: no status effects
A: no striking features
a: Renounce Religion


You were on level 5 of the Dungeon.
You worshipped Sif Muna.
Sif Muna was noncommittal.
You visited 2 branches of the dungeon, and saw 6 of its levels.

You collected 320 gold pieces.

Inventory:

Armour
 a - a +0 robe (worn)
 v - a +0 robe
Jewellery
 d - a ring of see invisible (left hand)
 t - a ring of fire
Wands
 q - a wand of iceblast (12)
 r - a wand of polymorph (7)
Scrolls
 c - a scroll of brand weapon
 e - a scroll of fear
 g - a scroll of amnesia
 i - 3 scrolls of teleportation
 j - 4 scrolls of magic mapping
 l - a scroll of fog
 o - a scroll of summoning
 u - a scroll of silence {unknown}
Potions
 b - a potion of magic
 f - 3 potions of haste
 h - 2 potions of might
 k - 2 potions of mutation
 m - 2 potions of curing {unknown}
 n - 3 potions of ambrosia {unknown}
 s - a potion of flight {unknown}


   Skills:
 + Level 1.8 Fighting
 + Level 3.5 Dodging
 + Level 3.9 Stealth
 + Level 4.6 Spellcasting
 + Level 6.4 Conjurations


You had 11 spell levels left.
You knew the following spells:

 Your Spells              Type           Power      Damage    Failure   Level
a - Magic Dart            Conj           100%       1d8       1%          1
b - Searing Ray           Conj           64%        2d6       1%          2
c - Ensorcelled Hibernat  Hex/Ice        8%         N/A       17%         2

Your spell library contained the following spells:

 Spells                   Type           Power      Damage    Failure   Level
 Dazzling Flash           Conj/Hex       36%        N/A       9%          3
 Scorch                   Fire           8%         2d5       17%         2
 Flame Wave               Conj/Fire      18%        2d7       30%         4
 Fulminant Prism          Conj/Hex       9%         3d7       30%         4
 Iskenderun's Mystic Bla  Conj/Tloc      18%        2d6       30%         4
 Spider Form              Tmut/Pois      4%         N/A       34%         3
 Anguish                  Hex/Necr       2%         N/A       75%         4
 Summon Cactus Giant      Summ           2%         N/A       100%        6


Dungeon Overview and Level Annotations

Branches:
Dungeon (5/15)             Temple (1/1) D:4

Altars:
Ashenzari
Cheibriados
Dithmenos
Elyvilon
Fedhas
Hepliaklqana
Kikubaaqudgha
Makhleb
Nemelex Xobeh
Okawaru
Qazlal
Ru
Sif Muna
Trog
Uskayaw
Vehumet
Wu Jian
Xom
Zin
The Shining One


Message History

Aim: a black bear (moderately wounded, 85% to hit)
The searing ray misses the black bear.
The searing ray hits the adder.
The adder is heavily wounded. (Press . to maintain the ray.)
The black bear bites you. The black bear claws you.
The black bear barely misses you.
Unknown command.
The searing ray hits the black bear!
The black bear is severely wounded.
The searing ray hits the adder.
The adder is almost dead.
The black bear goes berserk!
The searing ray misses the black bear.
The searing ray hits the adder.
You kill the adder!
Sif Muna accepts your kill. The black bear bites you.
The black bear barely misses you. The black bear claws you.
The searing ray hits the black bear.
The black bear is severely wounded.
The searing ray hits the shadow imp!
The shadow imp is severely wounded.
You finish channelling your searing ray.
The black bear closely misses you. x2; The black bear claws you.
The black bear bites you. The black bear claws you. The black bear misses you.
The black bear bites you.
* * * LOW HITPOINT WARNING * * *
The black bear barely misses you. x2
Unknown command.
The black bear bites you but does no damage.
The black bear closely misses you. The black bear claws you.
* * * LOW HITPOINT WARNING * * *
The black bear barely misses you. The black bear claws you.
* * * LOW HITPOINT WARNING * * *
The black bear claws you.
* * * LOW HITPOINT WARNING * * *
The black bear attacks as you move away!
The black bear completely misses you. The black bear claws you.
* * * LOW HITPOINT WARNING * * *
The black bear claws you.
You die...

..............................>..
...####..................#.......
......#..........................
......###.#......................
......# .........................
........# #######'######...##....
........# .....#.#.####...##....
....<...# .†.##.#...##...##....
..#.....#####5##@.#...##.........
..#.....+...#'#h..#....#.........
........##....5.#.#'.(.#.........
........###.##.##..###.#.........
##......#.#..###....####....#.)..
##......#.'#....###....'....#..#.
........#.#..###....####....#..#.
.#......###.##.##..###.#.#.##..#.
........##......#.#'...#.#.##..#.


You could see a black bear (berserk) and a shadow imp.

Vanquished Creatures
  Grinder (D:5)
  Menkaure (D:5)
  A water moccasin (D:5)
  2 scorpions (D:5)
  An orc priest (D:3)
  A hound (D:5)
  2 iguanas (D:5)
  4 adders
  An ufetubus (D:4)
  A worm (D:2)
  4 dart slugs (D:3)
  5 orcs
  9 ball pythons
  4 bats
  5 endoplasms
  2 giant cockroaches
  7 goblins
  4 hobgoblins
  3 jackals (D:1)
  2 quokkas (D:1)
  3 frilled lizards
  3 kobolds (D:1)
  8 rats
74 creatures vanquished.

Vanquished Creatures (others)
  2 plants (D:3)
2 creatures vanquished.

Grand Total: 76 creatures vanquished

Notes
Turn   | Place    | Note
-------+----------+-------------------------------------------
     0 | D:1      | Marcotte the Human Conjurer began the quest for the Orb.
     0 | D:1      | Reached XP level 1. HP: 13/13 MP: 3/3
   194 | D:1      | Reached XP level 2. HP: 19/19 MP: 0/5
   250 | D:1      | Learned a level 2 spell: Searing Ray
   655 | D:1      | Reached XP level 3. HP: 24/24 MP: 4/6
  1872 | D:2      | Found a faded altar of an unknown god.
  2217 | D:2      | Reached XP level 4. HP: 28/30 MP: 3/7
  2818 | D:3      | You fall into a shaft and drop 1 floor!
  2936 | D:3      | Reached skill level 5 in Conjurations
  3991 | D:3      | Reached XP level 5. HP: 35/35 MP: 4/9
  4088 | D:3      | Found a blossoming altar of Fedhas.
  4096 | D:3      | Found a sacrificial altar of Ru.
  4103 | D:3      | Found an ornate altar of the Wu Jian Council.
  4846 | D:4      | Found a staircase to the Ecumenical Temple.
  4852 | Temple   | Entered the Ecumenical Temple
  4861 | Temple   | Became a worshipper of Sif Muna the Loreminder
  5032 | D:4      | Found a burning altar of Makhleb.
  5437 | D:5      | Entered Level 5 of the Dungeon
  5536 | D:5      | Found an iron altar of Okawaru.
  5825 | D:5      | Reached XP level 6. HP: 28/42 MP: 1/11
  6128 | D:5      | Learned a level 2 spell: Ensorcelled Hibernation
  6225 | D:5      | HP: 1/42 [hound (5)]
  6801 | D:5      | Noticed Menkaure
  6817 | D:5      | Killed Menkaure
  6818 | D:5      | Reached skill level 1 in Fighting
  6818 | D:5      | Reached skill level 6 in Conjurations
  6818 | D:5      | Reached XP level 7. HP: 48/48 MP: 4/12
  6921 | D:5      | Noticed a water moccasin
  6929 | D:5      | Killed a water moccasin
  7241 | D:5      | Noticed Grinder
  7251 | D:5      | Paralysed by Grinder for 2 turns
  7259 | D:5      | Killed Grinder
  7260 | D:5      | Reached XP level 8. HP: 24/55 MP: 1/14
  7677 | D:5      | HP: 1/56 [black bear (5)]
  7677 | D:5      | Slain by a black bear

Illustrated notes

Levels and vault maps discovered:
D:1:      dpeg_arrival_lava_temple_mockup, layout_basic
D:2:      layout_basic, shapermc_ecumenical_altar_notcrosses,
          nicolae_elevator_lobby_plus
D:3:      layout_loops_corners, grunt_temple_overflow_diamond,
          minmay_shallow_snake_nest
D:4:      layout_basic, kennysheep_little_box, minmay_temple_entry_fiery
D:5:      layout_basic, lemuel_round_altar, minmay_tree_intersection,
          minmay_pentangle, uniq_menkaure, uniq_grinder
Temple:   nicolae_temple_no_exploring_needed

Skill      XL: |  1  2  3  4  5  6  7 |
---------------+----------------------+-----
Conjurations   | 5 6 |  6.4
Spellcasting   | 3 4 |  4.6
Stealth        | 3 |  3.9
Fighting       | 1 |  1.8
Dodging        | 3 |  3.5

Action                   |  1- 3 |  4- 6 |  7- 9 || total
-------------------------+-------+-------+-------++-------
Melee: Unarmed           |     2 |       |       ||     2
 Cast: Magic Dart        |    60 |    73 |     9 ||   142
       Searing Ray       |     2 |     7 |     7 ||    16
  Use: Scroll            |       |    10 |     1 ||    11
Armor: Robe              |     6 |     4 |     4 ||    14
Dodge: Dodged            |    11 |    29 |    19 ||    59
